 Dungeon Crawl Stone Soup version 0.31-a0-960-g0fca184906 (webtiles) character file.

Game seed: 3936957695716362276

1014 mortress the Ruffian (level 8, 0/67 HPs)
             Began as a Purple Draconian Shapeshifter on Oct 22, 2023.
             Was an Initiate of Ru.
             Slain by a gnoll
             ... wielding a +0 halberd
             ... led by a gnoll bouda
              (12 damage)
             ... on level 5 of the Dungeon on Oct 23, 2023.
             The game lasted 00:11:55 (4146 turns).

mortress the Ruffian (DrSh)                         Turns: 4146, Time: 00:11:55

Health: 0/67       AC:  6    Str: 20    XL:     8   Next: 1%
Magic:  11/11      EV: 13    Int: 10    God:    Ru [......]
Gold:   206        SH:  0    Dex: 10    Spells: 8/11 levels left

rFire   . .          .
                       - Unarmed
rCold   . . .        (no shield)
rNeg    . . .        (body armour unavailable)
rPois   .            (helmet currently unavailable)
rElec   .            (cloak currently unavailable)
rCorr   .            (gloves currently unavailable)
SInv    .            (boots currently unavailable)
Will    +....        (no amulet)
Stlth   +            (no ring)
HPRegen 0.31/turn    (no ring)
MPRegen 0.12/turn

%: no passive effects
@: beast-form
A: beast (slay +2), breathe power, AC +6, unfitting armour, cold-blooded
a: Breathe Dispelling Energy, Begin Untransformation, Renounce Religion


You were on level 5 of the Dungeon.
You worshipped Ru.
Ru was noncommittal.
You were a hulking beast.
You visited 2 branches of the dungeon, and saw 6 of its levels.

You collected 206 gold pieces.

Inventory:

Talismans
 b - a beast talisman
 c - a flux talisman
Wands
 n - a wand of digging (8)
 q - a wand of polymorph (8)
Scrolls
 f - 2 scrolls of revelation {unknown}
 g - a scroll of blinking {unknown}
 h - a scroll of immolation {unknown}
 i - 2 scrolls of vulnerability {unknown}
 j - 2 scrolls of teleportation {unknown}
 m - a scroll of enchant weapon {unknown}
 o - 2 scrolls of fog {unknown}
 p - 2 scrolls of noise {unknown}
 r - a scroll of fear {unknown}
 u - a scroll of torment {unknown}
 v - 2 scrolls of identify {unknown}
Potions
 a - a potion of lignification
 d - 3 potions of curing {unknown}
 e - a potion of brilliance {unknown}
 k - a potion of cancellation {unknown}
 l - 2 potions of heal wounds {unknown}
 s - a potion of might {unknown}
 t - a potion of degeneration {unknown}


   Skills:
 + Level 4.7 Fighting
 + Level 4.3 Dodging
 + Level 5.3 Unarmed Combat
 + Level 2.0 Spellcasting
 + Level 2.0 Hexes
 + Level 4.9 Shapeshifting


You had 8 spell levels left.
You knew the following spells:

 Your Spells              Type           Power      Damage    Failure   Level
a - Confusing Touch       Hex            5%         N/A       38%         3

Your spell library contained the following spells:

 Spells                   Type           Power      Damage    Failure   Level
 Kiss of Death            Conj/Necr      4%         2d5       30%         1
 Stone Arrow              Conj/Erth      2%         3d7       67%         3
 Dispel Undead            Necr           1%         3d6       97%         4
 Lehudib's Crystal Spear  Conj/Erth      0%         10d2      100%        8
 Animate Armour           Summ/Erth      Unusable   N/A       N/A         4

Dungeon Overview and Level Annotations

Branches:
Dungeon (5/15)             Temple (1/1) D:5

Altars:
Ashenzari
Cheibriados
Dithmenos
Elyvilon
Fedhas
Gozag
Hepliaklqana
Kikubaaqudgha
Makhleb
Nemelex Xobeh
Okawaru
Qazlal
Ru
Sif Muna
Trog
Uskayaw
Vehumet
Wu Jian
Xom
Yredelemnul
The Shining One

Shops:
D:1 [

Annotations:
D:3 2 transporters, scionoferis's ghost, amateur MiCK


Innate Abilities, Weirdness & Mutations

You are a hulking beast.
Your limbs bulge with bestial killing power. (Slay +2)
You can breathe bolts of dispelling energy.
Your rich purple scales are hard. (AC +6)
You cannot fit into any form of body armour.
You are cold-blooded and may be slowed by cold attacks.


Message History

Unknown command.
The gnoll bouda barks out a call to the hunt!
The gnolls pick up the pace!
The gnoll misses you.
A gnoll opens the door.
A gnoll comes into view. It is wielding a +0 flail.
The gnoll closely misses you.
The gnoll moves out of view.
You hit the gnoll.
Your tail-slap misses the gnoll.
The gnoll is heavily wounded.
The gnoll barely misses you. The gnoll closely misses you.
You punch the gnoll!
You kill the gnoll!
The gnoll barely misses you.
Your attacks no longer feel as feeble.
The gnoll closely misses you. The gnoll hits you with a +0 club!
The gnoll closely misses you. The gnoll closely misses you.
The gnoll barely misses you. The gnoll barely misses you.
The gnoll hits you with a +0 club. The gnoll hits you with a +0 halberd.
The gnoll bouda hits you with a +0 club.
The gnoll hits you with a +0 club. The gnoll misses you.
The gnoll bouda gazes fiercely through you!
You feel your attacks grow feeble.
The gnoll bouda hits you with a +0 club!
The gnoll closely misses you. The gnoll hits you with a +0 club.
The gnoll hits you with a +0 flail. The gnoll bouda misses you.
The gnoll misses you. The gnoll hits you with a +0 club.
The gnoll hits you with a +0 flail. The gnoll misses you.
The gnoll bouda barely misses you. The gnoll hits you with a +0 club!
* * * LOW HITPOINT WARNING * * *
The gnoll closely misses you.
The gnoll is no longer moving quickly. x2
The gnoll bouda barks out a call to the hunt!
The gnolls pick up the pace!
The gnoll closely misses you. The gnoll hits you but does no damage.
The gnoll hits you with a +0 flail!
* * * LOW HITPOINT WARNING * * *
Your attacks no longer feel as feeble.
The gnoll hits you with a +0 halberd!
You die...

#....## .##
.....'...+ .. ...
.....#...# #...
#..##...#...#
#...##..##.......
....
#.......#..g...
.....#.......#.ggg#
.....#...##..##gh#
.....#...##.....##
...<...........##
..............#.#
...⌠.....##..##..#
......#'##..## ...#
.⌠.>.⌠.....## .....
.........#..#
...#..
...⌠.....#...#
..##...


You could see a gnoll bouda and 4 gnolls.

Vanquished Creatures
  Grinder (D:5)
  An ogre (D:4)
  A centaur (D:5)
  A phantom (D:5)
  2 scorpions
  2 jellies
  An orc priest (D:4)
  2 iguanas
  A sleepcap (D:5)
  An orc wizard (D:4)
  3 gnolls
  7 adders
  2 ufetubi (D:5)
  6 worms
  2 dart slugs
  4 orcs (D:4)
  9 ball pythons
  12 endoplasms
  7 giant cockroaches
  4 goblins
  8 hobgoblins
  6 jackals
  9 kobolds
  3 quokkas
  11 bats
  7 frilled lizards
  8 rats
121 creatures vanquished.

Vanquished Creatures (others)
  An orc wizard (D:4)
1 creature vanquished.

Grand Total: 122 creatures vanquished

Notes
Turn   | Place    | Note
-------+----------+-------------------------------------------
     0 | D:1      | mortress the Draconian Shapeshifter began the quest for the
                  | Orb.
     0 | D:1      | Reached XP level 1. HP: 16/16 MP: 1/1
   145 | D:1      | Reached XP level 2. HP: 23/23 MP: 2/2
   282 | D:1      | Found Okkakea's Antique Armour Boutique.
   297 | D:1      | Found a faded altar of an unknown god.
   374 | D:1      | Reached XP level 3. HP: 11/29 MP: 3/3
  1002 | D:2      | Reached XP level 4. HP: 32/36 MP: 4/4
  1408 | D:3      | Found a shimmering altar of Xom.
  1534 | D:3      | Noticed scionoferis's ghost (amateur MiCK)
  1535 | D:3      | Found a transporter.
  1546 | D:3      | Reached XP level 5. HP: 42/42 MP: 5/5
  1646 | D:3      | Reached skill level 4 in Unarmed Combat
  1754 | D:3      | Found a transporter.
  2027 | D:3      | Found an ancient bone altar of Kikubaaqudgha.
  2028 | D:3      | Found an iron altar of Okawaru.
  2370 | D:4      | Reached XP level 6. HP: 20/51 MP: 6/6
  2800 | D:4      | Found a shadowy altar of Dithmenos.
  3118 | D:4      | Your scales start taking on a rich purple colour.
  3118 | D:4      | Reached XP level 7. HP: 44/59 MP: 7/7
  3122 | D:4      | Learned a level 3 spell: Confusing Touch
  3453 | D:5      | Entered Level 5 of the Dungeon
  3593 | D:5      | Reached skill level 5 in Unarmed Combat
  3593 | D:5      | Reached skill level 1 in Spellcasting
  3603 | D:5      | Found a bloodstained altar of Trog.
  3636 | D:5      | Reached skill level 1 in Hexes
  3684 | D:5      | Noticed Grinder
  3709 | D:5      | Paralysed by Grinder for 5 turns
  3715 | D:5      | Killed Grinder
  4021 | D:5      | Reached XP level 8. HP: 63/67 MP: 11/11
  4037 | D:5      | Found a staircase to the Ecumenical Temple.
  4047 | Temple   | Entered the Ecumenical Temple
  4089 | Temple   | Became a worshipper of Ru the Awakened
  4133 | D:5      | Upgraded the game from 0.31-a0-949-g57150269e1 to
                  | 0.31-a0-960-g0fca184906
  4146 | D:5      | Slain by a gnoll

Illustrated notes

Levels and vault maps discovered:
D:1:      psy_arrival_spokes, layout_rooms, serial_shops,
          nicolae_shop_hallway_stairs, chequers_ecumenical_altar_island,
          minmay_quantized
D:2:      layout_rooms
D:3:      layout_loops_ring, mainiacjoe_overflow_boulevard,
          gammafunk_temple_overflow_statue, gammafunk_ghost_arena
D:4:      layout_basic, marbit_many_paths, serial_rivers,
          chequers_serial_rivers_marsh, chequers_serial_rivers_small_a,
          chequers_serial_rivers_micro_d, chequers_serial_rivers_large_b,
          chequers_serial_rivers_room_a, minmay_joined_circles
D:5:      layout_gridville, mainiacjoe_overflow_tiny_flanked, temple_fountains,
          nicolae_ossuary_entry_giza, grunt_ministairs_15, uniq_grinder
Temple:   kb_temple_of_zot

Skill      XL: |  1  2  3  4  5  6  7 |
---------------+----------------------+-----
Dodging        | 2 3 4 |  4.3
Fighting       | 2 3 4 |  4.7
Unarmed Combat | 4 5 |  5.3
Shapeshifting  | 4 |  4.9
Spellcasting   | 2 |  2.0
Hexes          | 2 |  2.0

Action                     |  1- 3 |  4- 6 |  7- 9 || total
---------------------------+-------+-------+-------++-------
  Melee: Unarmed           |   132 |   169 |    91 ||   392
         Tailslap          |    15 |    11 |    15 ||    41
         Punch             |     3 |     5 |     2 ||    10
Ability: Breathe Dispellin |       |       |     1 ||     1
   Stab: Sleeping          |     1 |     1 |       ||     2
 Armour: Skin              |    68 |    84 |    68 ||   220
  Dodge: Dodged            |    79 |   106 |    61 ||   246

Table legend: (Time is in decaauts)
 A = Elapsed time spent in this place.
 B = Non-inter-level travel time spent in this place.
 C = Inter-level travel time spent in this place.
 D = Time resting spent in this place.
 E = Time spent auto-exploring this place.
 F = Levels seen in this place.
 G = Mean time per level.
                   A        B        C        D        E       F      G
               +--------+--------+--------+--------+--------+-----+--------+
         Total |   4148 |   3980 |    168 |      0 |   2661 |   6 |  691.3 |
       Dungeon |   4076 |   3936 |    140 |      0 |   2661 |   5 |  815.2 |
        Temple |     71 |     43 |     28 |      0 |      0 |   1 |   71.0 |
               +--------+--------+--------+--------+--------+-----+--------+

Top non-repeatable levels by time:
     D:4: 1290 daAuts
     D:3: 896 daAuts
     D:1: 825 daAuts
     D:5: 615 daAuts
     D:2: 449 daAuts
  Temple: 71 daAuts
